cohdb
Replays
Latest Replays
All Replays
Popular Replays
Top Player Replays
Match Explorer
How It Works
Community
CoH3 Stats
Reddit
Sign in to upload your games and track your stats! →
Sign in with Steam
Match 45296932
Unlisted
Match 45296932
Overview
Messages
Build Orders
End
Selects Mechanized Battlegroup
Construct Infanterie Kompanie
Grenadier Squad
Grenadier Squad
Grenadier Squad
Construct Luftwaffe Kompanie
Jäger Squad
Jäger Squad
Support Elements
Marder III M Tank Destroyer
Marder III M Tank Destroyer
Luftwaffe Officer Quarters
Wirbelwind Flakpanzer
Jm200092
Wheel Ones
Creation
斜阳淡淡柳阴阴
stock726
js2tanks
mooncat_black
haiyang
0
0
Comments
sign in to comment!
No comments posted yet!